 Dungeon Crawl Stone Soup version 0.21.0-3-g78d12a8 (webtiles) character file.

274694 Haldmier the Warrior (level 19, -1/177 HPs)
             Began as a Centaur Wizard on Jan 12, 2018.
             Was the Champion of Ashenzari.
             Slain by a stone giant (35 damage)
             ... on level 4 of the Vaults on Jan 13, 2018.
             The game lasted 05:18:03 (72111 turns).

Haldmier the Warrior (Centaur Wizard)              Turns: 72111, Time: 05:18:03

Health: -1/177     AC: 18    Str: 20    XL:     19   Next: 91%
Magic:  16/32      EV: 14    Int: 25    God:    Ashenzari [******]
Gold:   2765       SH: 25    Dex: 13    Spells: 16/36 levels left

rFire    + + .     SeeInvis +   A - +8 mace "Xubriwn" {crush, rC- Str+5} (curse)
rCold    + . .     Gourm    +   W - +5 large shield of Inviolability {rF+ MR++ MP-9 Int+3} (curse)
rNeg     . . .     Faith    .   Z - +1 leather armour "Foezussu" {rC+ Dex+4} (curse)
rPois    +         Spirit   .   h - +2 hat {MR+} (curse)
rElec    .         Reflect  .   O - scarf {rC+ rF+}
rCorr    .         Harm     .   L - +2 pair of gloves {Str+3}
MR       ++++.     Clarity  +   o - +0 centaur barding {Stlth+} (curse)
Stlth    +++.......             Y - amulet of the gourmand
HPRegen  0.39/turn              s - ring of magical power (curse)
MPRegen  0.23/turn              d - ring of poison resistance (curse)

@: very quick
A: large, hooves 3, deformed body, speed 2, tough skin 3
}: 1/15 runes: barnacled
a: Curse Item, Scrying, Transfer Knowledge, Renounce Religion


You were on level 4 of the Vaults.
You worshipped Ashenzari.
Ashenzari was exalted by your worship.
You were very full.

You visited 7 branches of the dungeon, and saw 35 of its levels.
You also visited: Ossuary.

You collected 3504 gold pieces.
You spent 739 gold pieces at shops.

Inventory:

Hand Weapons
 A - the cursed +8 mace "Xubriwn" (weapon) {crush, rC- Str+5}
   (You found it on level 1 of the Lair of Beasts)

   It inflicts extra damage upon your enemies.
   It affects your strength (+5).
   It makes you vulnerable to cold.
   It has a curse placed upon it.
 G - a +0 eveningstar
 T - a +5 demon blade of pain
Missiles
 z - 37 javelins of returning (quivered)
 X - 7 throwing nets
Armour
 a - +0 ice dragon scales
 h - a cursed +2 hat of magic resistance (worn)
 o - a cursed +0 centaur barding of stealth (worn)
 C - a +0 troll leather armour
 L - a +2 pair of gloves of strength (worn)
 O - a scarf of resistance (worn)
 S - +4 storm dragon scales {Bai Suzhen}
 W - the cursed +5 large shield of Inviolability (worn) {rF+ MR++ MP-9 Int+3}
   (You found it on level 3 of the Spider Nest)

   It affects your intelligence (+3).
   It protects you from fire.
   It affects your resistance to hostile enchantments.
   It affects your magic capacity (-9).
   It has a curse placed upon it.
 Z - the cursed +1 leather armour "Foezussu" (worn) {rC+ Dex+4}
   (You bought it in a shop on level 3 of the Shoals)

   It affects your dexterity (+4).
   It protects you from cold.
   It has a curse placed upon it.
Jewellery
 d - a cursed ring of poison resistance (right hand)
 s - a cursed ring of magical power (left hand)
 t - an uncursed ring of fire
 N - an uncursed ring of resist corrosion
 R - an uncursed ring of positive energy
 Y - an amulet of the gourmand (around neck)
Wands
 b - a wand of acid (9)
 g - a wand of digging (29)
 k - a wand of iceblast (13)
 u - a wand of enslavement (11)
Scrolls
 c - 3 scrolls of fear
 i - 16 scrolls of teleportation
 l - 15 scrolls of remove curse
 q - 8 scrolls of identify
 y - 4 scrolls of fog
 E - 3 scrolls of summoning
 F - 6 scrolls of blinking
 I - 2 scrolls of enchant armour
 J - a scroll of brand weapon
 P - 6 scrolls of magic mapping
 Q - a scroll of acquirement
 U - a scroll of holy word {unknown}
Potions
 f - 3 potions of haste
 j - 4 potions of flight
 m - 2 potions of invisibility
 n - 6 potions of heal wounds
 p - 3 potions of agility
 r - 4 potions of curing
 v - 6 potions of cancellation
 w - 4 potions of magic
 x - 5 potions of ambrosia
 B - 4 potions of resistance
 D - 5 potions of brilliance
 H - 5 potions of berserk rage
 V - a potion of might
Miscellaneous
 K - 2 boxes of beasts
Comestibles
 e - 49 rations
 M - 16 chunks of flesh


   Skills:
 + Level 17.5 Fighting
 - Level 10.0(14.2) Maces & Flails
 - Level 10.0 Armour
 - Level 9.0(11.9) Dodging
 - Level 1.1(2.9) Stealth
 - Level 12.3(15.0) Shields
 - Level 9.0 Spellcasting
 - Level 7.1(10.2) Conjurations
 - Level 5.0(8.0) Summonings
 - Level 8.0(11.0) Necromancy
 - Level 3.0(5.6) Translocations
 - Level 3.0(5.6) Fire Magic
 - Level 5.0(7.9) Air Magic
 - Level 8.0(11.0) Earth Magic
 - Level 3.0(5.6) Poison Magic
 - Level 3.0(5.6) Evocations


You had 16 spell levels left.
You knew the following spells:

 Your Spells              Type           Power        Failure   Level  Hunger
a - Magic Dart            Conj           ####         1%          1    None
b - Blink                 Tloc           N/A          1%          2    None
c - Conjure Flame         Conj/Fire      ######..     1%          3    None
d - Mephitic Cloud        Conj/Pois/Air  ######..     1%          3    None
e - Call Imp              Summ           ######..     1%          2    None
f - Borgnjor's Vile Clut  Necr/Erth      ######....   1%          5    ####...
g - Summon Lightning Spi  Summ/Air       ######..     2%          4    ##.....


Dungeon Overview and Level Annotations

Branches:
Dungeon (15/15)            Temple (1/1) D:5            Lair (6/6) D:8
 Shoals (4/4) Lair:4       Spider (3/4) Lair:3        Slime (0/5) Lair:5
    Orc (2/2) D:10            Elf (0/3) Orc:2        Vaults (4/5) D:14
  Crypt (0/3) Vaults:3     Depths (0/5) D:15

Altars:
Ashenzari
Cheibriados
Dithmenos
Elyvilon
Fedhas
Gozag
Hepliaklqana
Kikubaaqudgha
Makhleb
Nemelex Xobeh
Okawaru
Qazlal
Ru
Sif Muna
Trog
Uskayaw
Vehumet
Wu Jian
Xom
Yredelemnul
Zin
The Shining One
Beogh

Shops:
D:6 [   D:8 (   Orc:2 ??(%   Shoals:3 [(*(

Annotations:
D:11 Erolcha
D:15 Gorglomux's ghost, journeyman DDFi
Lair:5 items accross water
Shoals:4 exclusion: Roxanne, Mara; Roxanne


Innate Abilities, Weirdness & Mutations

You have hooves in place of feet.
Armour fits poorly on your strangely shaped body.
You cover ground very quickly.
You have extremely tough skin. (AC +3)


Message History

You block the stone giant's attack.
You sock the stone giant! You kick the stone giant.
The stone giant is heavily wounded.
The yaktaur captain shoots a bolt.
The bolt barely misses you. The stone giant hits you!
You hit the stone giant.
You kick the stone giant, but do no damage.
The stone giant is severely wounded.
You hit the stone giant but do no damage.
You kick the stone giant, but do no damage.
The stone giant is severely wounded.
The stone giant hits you!!!
The yaktaur captain shoots a bolt.
The bolt hits you!!
* * * LOW HITPOINT WARNING * * *
Casting: Summon Lightning Spire
Confirm with . or Enter, or press ? or * to list all spells.
Aiming: Summon Lightning Spire
Press: ? - help, Dir - move target cursor An electric hum fills the air.
The stone giant hits you!!
You die...

* * * *
#.................... ,
,,
,,,#....................
, ,,,,
#.....)..............
*,,,* ,
,,∆#....)÷..............
* ***
*,*#........)...........
,,,*,,,*,
#....................
,,,,, ,,
{,#...(....#########...
* , , ,,,#...(..### *
###. * ** **, #..(@.## *
, ∆∆∆***## * , * ,,
{{#.c8Cc# ' ,'∆* # , ,
{,,,#..)..#* *** , # *
*,, , #.....# ,, {,{, ,
# * ** ######..)..#
,,{{{{,, ,*# ,,
........).)#*, {,{{, ,,,
# , ,,,.........).#* ,
,, , **# , , ,
.......)...#** * ' * #
,, ............#* ,,,* *
#.


You could see a stone giant, a yaktaur captain, a yaktaur and a friendly
lightning spire.

Vanquished Creatures
  Bai Suzhen (Vaults:3)
  Nikola (Spider:1)
  Asterion (Vaults:3)
  Polyphemus (Shoals:3)
  Gastronok (Lair:3)
  Donald (Shoals:4)
  A sphinx (Vaults:2)
  Kirke (Spider:1)
  2 fire giants
  Ilsuiw (Shoals:4)
  8 vault wardens
  2 emperor scorpions
  Aizul (Shoals:3)
  14 ironheart preservers
  3 stone giants
  A war gargoyle (Vaults:2)
  The ghost of Mgcat the Geomancer, a journeyman GrEE of Vehumet (Lair:6)
  A deep elf demonologist (Vaults:1)
  4 spark wasps
  The ghost of p0werm0de the Cleaver, a journeyman DDFi of Makhleb (Orc:2)
  Snorg (Orc:1)
  6 merfolk impalers
  A deep elf death mage (Vaults:3)
  2 fire dragons
  2 merfolk javelineers
  2 great orbs of eyes
  2 ettins
  5 yaktaur captains
  3 vault guards
  2 ice dragons
  5 rakshasas
  6 merfolk aquamancers
  Erica (Lair:2)
  Fannar (Lair:1)
  3 catoblepae
  10 hydras
  8 centaur warriors
  2 death knights (Vaults:3)
  34 two-headed ogres
  13 ogre magi
  5 satyrs
  2 deep troll earth magi (Vaults:2)
  A dancing weapon (Vaults:2)
  3 death yaks
  2 tengu warriors
  7 deep elf knights
  Sonja (Lair:2)
  A skeletal warrior (D:15)
  A shadow wraith (Vaults:1)
  8 sea snakes
  5 glowing orange brains
  An unseen horror (D:15)
  14 deep trolls
  A tengu zombie (Vaults:1)
  2 flayed ghosts (Vaults:2)
  2 deep elf archers
  3 necromancers
  3 wizards
  17 harpies
  3 orb spiders (Spider:2)
  12 ironbrand convokers
  10 orc knights
  3 orc sorcerers (Orc:2)
  An orb spider (shapeshifter) (Vaults:3)
  8 deep elf magi
  An oklob plant (Lair:4)
  17 wolf spiders
  A frost giant zombie (D:15)
  7 cyclopes
  9 manticores
  5 centaur zombies
  19 ugly things
  An elephant (Lair:6)
  25 fauns
  7 merfolk sirens
  9 black mambas
  2 water nymphs
  A spiny frog (shapeshifter) (Vaults:1)
  10 vault sentinels
  2 torpor snails
  6 spiny frogs
  A yaktaur zombie (D:15)
  2 gargoyles
  A rime drake (Lair:1)
  7 demonic crawlers
  A yaktaur (shapeshifter) (Vaults:3)
  32 yaktaurs
  2 freezing wraiths
  3 tengu conjurers (D:15)
  26 merfolk
  4 komodo dragons
  10 jumping spiders
  8 trolls
  A meliai (shapeshifter) (Vaults:2)
  2 polar bears
  3 hornets
  4 wind drakes
  5 snapping turtles
  8 blink frogs
  6 hippogriffs
  20 slime creatures
  27 dream sheep
  A raiju (shapeshifter) (D:13)
  2 centaur simulacra (D:15)
  17 tarantellas
  35 redbacks
  A wraith (Vaults:3)
  A spriggan (D:7)
  13 water elementals
  A yak (shapeshifter) (Vaults:4)
  3 hogs
  A human (shapeshifter) (Vaults:1)
  2 fire bats (shapeshifter)
  A hog (shapeshifter) (Vaults:3)
  2 wyverns
  48 yaks
  4 hungry ghosts
  A steam dragon (D:12)
  A yaktaur simulacrum (Vaults:3)
  4 vampire mosquitoes (D:15)
  Menkaure (Ossuary)
  2 human simulacra
  An elf zombie (Vaults:1)
  A warg (Vaults:2)
  8 porcupines
  A deep troll zombie (Vaults:1)
  13 water moccasins
  30 orc warriors
  A sky beast (D:8)
  9 ice beasts
  3 black bears
  A black bear (shapeshifter) (Vaults:2)
  An ettin simulacrum (Vaults:1)
  33 ogres
  2 eyes of draining
  A phantom (D:7)
  13 centaurs
  10 wolves
  A hornet zombie (D:15)
  A wolf (shapeshifter) (D:15)
  A necrophage (D:13)
  4 boggarts
  22 crocodiles
  2 big kobolds
  16 bullfrogs
  A water moccasin zombie (D:7)
  A wyvern skeleton (D:13)
  32 scorpions
  11 killer bees
  3 wights
  4 electric eels
  2 howler monkeys (D:5)
  6 crimson imps
  3 bullfrog zombies
  7 centaur skeletons
  A gnoll shaman (D:6)
  11 hounds
  16 jellies
  29 orc priests
  2 bullfrog skeletons
  Natasha (thrice) (D:4)
  4 iguanas
  39 orc wizards
  7 worker ants
  A mummy (D:7)
  A hound zombie (D:6)
  10 gnolls
  9 adders
  4 shadow imps
  2 white imps (Lair:5)
  5 oozes
  4 worms
  A dart slug (D:3)
  3 leopard geckos
  76 orcs
  7 giant cockroaches
  11 goblins
  8 hobgoblins
  21 jackals
  5 quokkas
  2 ball pythons
  10 bats
  6 frilled lizards
  4 gnoll skeletons (Ossuary)
  2 gnoll zombies (Ossuary)
  3 goblin skeletons (Ossuary)
  6 goblin zombies (Ossuary)
  3 hobgoblin skeletons (Ossuary)
  3 hobgoblin zombies (Ossuary)
  18 kobolds
  A kobold zombie (Ossuary)
  A leopard gecko zombie (D:5)
  An orc skeleton (Ossuary)
  2 orc zombies (Ossuary)
  5 rats
  3 rat zombies (Ossuary)
  A bush (D:10)
  8 plants
1312 creatures vanquished.

Vanquished Creatures (collateral kills)
  Jory (Vaults:3)
  2 vault wardens (Vaults:3)
  An emperor scorpion (Spider:1)
  2 ironheart preservers
  A stone giant (Vaults:2)
  A merfolk impaler (Shoals:1)
  A merfolk javelineer (Shoals:4)
  A fire dragon (Vaults:1)
  2 rakshasas
  3 merfolk avatars
  An ice dragon (Vaults:3)
  A vault guard (Vaults:3)
  A centaur warrior (Vaults:1)
  3 two-headed ogres
  A catoblepas (Lair:6)
  An alligator snapping turtle (Shoals:4)
  An orc high priest (Orc:2)
  A deep troll shaman (Lair:6)
  3 death yaks
  A deep troll earth mage (Vaults:1)
  2 deep elf knights
  A deep troll (Vaults:1)
  A sea snake (Shoals:1)
  A lindwurm (Lair:6)
  2 deep elf archers (Vaults:3)
  An orc knight (Vaults:2)
  An ironbrand convoker (Vaults:4)
  2 harpies
  6 wolf spiders
  An orc sorcerer (Orc:2)
  2 orb spiders
  An ugly thing (Vaults:2)
  A deep elf mage (Vaults:3)
  4 fauns
  A manticore (Shoals:2)
  2 elephants (Lair:6)
  A black mamba (Lair:6)
  An ice statue (Lair:5)
  A merfolk siren (Shoals:4)
  A spiny frog (Lair:6)
  2 yaktaurs (Vaults:2)
  A demonic crawler (Spider:1)
  2 merfolk
  4 jumping spiders
  A hornet (Vaults:3)
  2 dream sheep (Shoals:3)
  3 snapping turtles
  2 slime creatures (Vaults:3)
  A hippogriff (D:8)
  3 tarantellas
  6 redbacks
  A hog (Spider:1)
  A basilisk (Lair:6)
  An orc warrior (Vaults:2)
  6 ogres
  A centaur (Shoals:2)
  A crocodile (Lair:6)
  2 scorpions (Spider:1)
  A killer bee (D:8)
  An orc wizard (D:6)
  2 orcs
  4 plants
110 creatures vanquished.

Vanquished Creatures (others)
  A redback (Spider:1)
  2 humans (Spider:1)
  A boggart (D:15)
  3 mummies (Ossuary)
  2 gnoll zombies (Ossuary)
  A gnoll skeleton (Ossuary)
  2 goblin skeletons (Ossuary)
  A goblin zombie (Ossuary)
  6 hobgoblin skeletons (Ossuary)
  4 hobgoblin zombies (Ossuary)
  2 kobold skeletons (Ossuary)
  An orc zombie (Ossuary)
  3 rat skeletons (Ossuary)
  11 fungi
  42 plants
  7 withered plants (D:15)
89 creatures vanquished.

Grand Total: 1511 creatures vanquished

Notes
Turn   | Place    | Note
-------+----------+-------------------------------------------
     0 | D:1      | Haldmier the Centaur Wizard began the quest for the Orb.
     0 | D:1      | Reached XP level 1. HP: 14/14 MP: 3/3
    20 | D:1      | Reached skill level 1 in Conjurations
   128 | D:1      | Reached XP level 2. HP: 14/20 MP: 1/5
   915 | D:1      | Reached XP level 3. HP: 25/26 MP: 2/7
  1420 | D:1      | Learned a level 2 spell: Blink
  1424 | D:1      | Learned a level 3 spell: Conjure Flame
  2165 | D:2      | Reached XP level 4. HP: 33/33 MP: 5/8
  2278 | D:2      | Found a shimmering altar of Xom.
  2278 | D:2      | Found a bloodstained altar of Trog.
  3296 | D:3      | Reached skill level 1 in Fire Magic
  3379 | D:3      | Found a burning altar of Makhleb.
  3379 | D:3      | Noticed a balrug
  4014 | D:3      | Reached skill level 1 in Fighting
  4014 | D:3      | Reached XP level 5. HP: 40/40 MP: 0/9
  4581 | D:3      | Found a glowing golden altar of the Shining One.
  4974 | D:3      | Learned a level 3 spell: Mephitic Cloud
  5278 | D:4      | Noticed Natasha
  5298 | D:4      | Killed Natasha
  5537 | D:4      | Reached XP level 6. HP: 39/48 MP: 0/10
  5693 | D:4      | Noticed Natasha
  5707 | D:4      | Killed Natasha
  5910 | D:4      | Noticed Natasha
  5916 | D:4      | Killed Natasha
  5916 | D:4      | Reached skill level 1 in Air Magic
  5916 | D:4      | Reached skill level 1 in Poison Magic
  5989 | D:5      | Entered Level 5 of the Dungeon
  6036 | D:5      | Reached skill level 2 in Fighting
  6605 | D:5      | Reached XP level 7. HP: 55/55 MP: 6/11
  6878 | D:5      | Found a staircase to the Ecumenical Temple.
  6884 | Temple   | Entered the Ecumenical Temple
  7082 | D:5      | Reached skill level 5 in Conjurations
  7883 | D:5      | Reached skill level 3 in Fighting
  8067 | D:5      | Learned a level 2 spell: Call Imp
  8183 | D:6      | Reached XP level 8. HP: 35/63 MP: 8/12
  8554 | D:6      | Found Hotuilie's Armour Boutique.
  9026 | D:6      | Found an ancient bone altar of Kikubaaqudgha.
  9036 | D:6      | Found a deep blue altar of Sif Muna.
  9040 | D:6      | Identified Sif Muna's Compendium of the Entourage
  9050 | D:6      | Found a radiant altar of Vehumet.
  9323 | D:5      | Reached skill level 4 in Fighting
  9922 | D:7      | Found a shattered altar of Ashenzari.
 10009 | D:7      | Found a sand-covered staircase.
 10104 | Ossuary  | Entered an ossuary
 10405 | Ossuary  | Noticed Menkaure
 10574 | Ossuary  | Killed Menkaure
 10926 | D:7      | Reached skill level 5 in Fighting
 10959 | D:7      | Found a shimmering altar of Xom.
 10973 | D:7      | Reached XP level 9. HP: 72/74 MP: 6/13
 11420 | D:7      | Reached skill level 6 in Fighting
 12028 | D:7      | Reached skill level 7 in Fighting
 12485 | D:8      | Reached skill level 8 in Fighting
 12503 | D:8      | Reached skill level 1 in Summonings
 14205 | D:8      | Noticed a two-headed ogre
 14815 | D:8      | Killed a two-headed ogre
 14815 | D:8      | Reached XP level 10. HP: 61/90 MP: 1/16
 15045 | D:8      | Reached skill level 9 in Fighting
 15074 | D:7      | Became a worshipper of Ashenzari the Shackled
 15088 | D:8      | Identified a scroll of acquirement
 15155 | D:8      | Found Yxuregel's Antique Weapon Boutique.
 15941 | D:8      | Found a staircase to the Lair.
 15970 | Lair:1   | Entered Level 1 of the Lair of Beasts
 16004 | Lair:1   | Reached skill level 5 in Spellcasting
 16036 | Lair:1   | Reached skill level 10 in Fighting
 16328 | Lair:1   | Noticed an eight-headed hydra
 16350 | Lair:1   | Killed an eight-headed hydra
 16483 | Lair:1   | Noticed a spiny frog
 16514 | Lair:1   | Killed a spiny frog
 16772 | Lair:1   | Noticed a black mamba
 16790 | Lair:1   | Killed a black mamba
 16891 | Lair:1   | Reached skill level 11 in Fighting
 17076 | Lair:1   | Got the mace "Xubriwn" {crush, rC- Str+5}
 17077 | Lair:1   | Identified the +8 mace "Xubriwn" {crush, rC- Str+5} (You found it on level 1 of the Lair of Beasts)
 17110 | Lair:1   | Noticed Fannar
 17128 | Lair:1   | HP: 4/95 [Fannar/bolt of cold (31)]
 17142 | Lair:1   | Killed Fannar
 17142 | Lair:1   | Reached XP level 11. HP: 26/102 MP: 18/18
 18030 | D:6      | Bought a +0 buckler for 45 gold pieces
 18207 | Lair:2   | Noticed Erica
 18466 | Lair:2   | Noticed an eight-headed hydra
 18522 | Lair:1   | Reached skill level 1 in Maces & Flails
 18522 | Lair:1   | Reached skill level 1 in Evocations
 18914 | Lair:2   | Noticed Sonja
 19242 | Lair:2   | Killed Sonja
 19494 | Lair:2   | Killed an eight-headed hydra
 20086 | Lair:2   | Reached * piety under Ashenzari
 20173 | Lair:2   | Killed Erica
 20173 | Lair:2   | Reached skill level 5 in Maces & Flails
 20173 | Lair:2   | Reached skill level 1 in Shields
 20983 | Lair:3   | Reached ** piety under Ashenzari
 21289 | Lair:3   | Noticed Gastronok
 21320 | Lair:3   | Found a hole to the Spider Nest.
 21960 | Lair:4   | Noticed an oklob plant
 22195 | Lair:4   | Noticed a catoblepas
 22258 | Lair:4   | Killed a catoblepas
 22442 | Lair:4   | Got the cursed ring mail of the Volcano {rC+}
 22549 | Lair:4   | Reached XP level 12. HP: 79/111 MP: 19/19
 22827 | Lair:4   | Found a staircase to the Shoals.
 23251 | Lair:4   | Learned a level 5 spell: Borgnjor's Vile Clutch
 23466 | Lair:5   | Noticed a four-headed hydra
 23470 | Lair:5   | Killed a four-headed hydra
 23492 | Lair:5   | Reached skill level 1 in Necromancy
 23512 | Lair:5   | Reached skill level 1 in Earth Magic
 25019 | Lair:5   | Reached *** piety under Ashenzari
 25070 | Lair:5   | Identified the cursed +0 ring mail of the Volcano {rC+} (You found it on level 4 of the Lair of Beasts)
 25699 | Lair:5   | Found a staircase to the Slime Pits.
 26573 | D:9      | Noticed a two-headed ogre
 26617 | D:9      | Killed a two-headed ogre
 26617 | D:9      | Reached skill level 10 in Maces & Flails
 26857 | D:9      | Noticed a two-headed ogre
 26871 | D:9      | Killed a two-headed ogre
 27075 | D:9      | Found a stormy altar of Qazlal.
 27075 | D:9      | Found a faded altar of an unknown god.
 27080 | D:9      | Found a faded altar of an unknown god.
 27083 | D:9      | Found a blossoming altar of Fedhas.
 27084 | D:9      | Found an opulent altar of Gozag.
 27176 | D:10     | Entered Level 10 of the Dungeon
 27201 | D:10     | Found a blossoming altar of Fedhas.
 27482 | D:10     | Reached **** piety under Ashenzari
 27641 | D:10     | Found a staircase to the Orcish Mines.
 27777 | D:10     | Reached XP level 13. HP: 115/117 MP: 20/20
 27780 | D:10     | Reached skill level 1 in Armour
 28163 | Orc:1    | Entered Level 1 of the Orcish Mines
 28841 | Orc:1    | Reached skill level 5 in Necromancy
 29098 | Orc:2    | Entered Level 2 of the Orcish Mines
 29124 | Orc:2    | Reached skill level 5 in Earth Magic
 29293 | Orc:2    | Noticed p0werm0de's ghost (journeyman DDFi)
 29912 | D:11     | Noticed Erolcha
 31038 | D:12     | Reached ***** piety under Ashenzari
 32866 | D:14     | Found a gate to the Vaults.
 33457 | D:14     | Found a shadowy altar of Dithmenos.
 33608 | D:14     | Found a white marble altar of Elyvilon.
 34115 | D:15     | Entered Level 15 of the Dungeon
 34226 | D:15     | Noticed Gorglomux's ghost (journeyman DDFi)
 34502 | D:15     | Reached XP level 14. HP: 122/125 MP: 21/21
 34764 | D:15     | Reached skill level 5 in Armour
 35159 | D:15     | Found a staircase to the Depths.
 36533 | Lair:3   | Found a hole to the Spider Nest.
 36564 | Lair:3   | Killed Gastronok
 36643 | Lair:6   | Entered Level 6 of the Lair of Beasts
 36897 | Lair:6   | Noticed Mgcat's ghost (journeyman GrEE)
 37873 | Lair:1   | Learned a level 4 spell: Summon Lightning Spire
 37999 | Orc:1    | Noticed Snorg
 38018 | Orc:1    | Killed Snorg
 38389 | Orc:2    | Found a roughly hewn altar of Beogh.
 38469 | Orc:2    | Killed p0werm0de's ghost
 38803 | Orc:2    | Found a staircase to the Elven Halls.
 40064 | Orc:2    | Paralysed by an orc sorcerer for 4 turns
 40094 | Orc:2    | Reached skill level 5 in Summonings
 40333 | Orc:2    | Reached skill level 5 in Air Magic
 40409 | Orc:2    | Found Siogg's Food Emporium.
 40409 | Orc:2    | Found Jotanol's Magic Scroll Shoppe.
 40409 | Orc:2    | Found Vyobbevve's Magic Scroll Shoppe.
 40413 | Orc:2    | Found Ediniott's Weapon Emporium.
 40422 | Orc:2    | Bought 2 scrolls of remove curse for 72 gold pieces
 40444 | Orc:2    | Bought a scroll of fog for 30 gold pieces
 41003 | Lair:6   | Killed Mgcat's ghost
 41003 | Lair:6   | Reached skill level 12 in Fighting
 42358 | Lair:6   | Reached XP level 15. HP: 127/132 MP: 25/25
 42555 | Lair:6   | Reached skill level 5 in Dodging
 43453 | Spider:1 | Entered Level 1 of the Spider Nest
 45591 | Spider:1 | Noticed Kirke
 45873 | Spider:1 | Killed Kirke
 46415 | Spider:1 | HP: 6/132 [emperor scorpion (2)]
 46704 | Spider:1 | Noticed Nikola
 46973 | Spider:1 | Killed Nikola
 49105 | Spider:2 | Reached skill level 13 in Fighting
 50003 | Spider:3 | Identified the +5 large shield of Inviolability {rF+ MR++ MP-9 Int+3}
 50106 | Spider:3 | Reached XP level 16. HP: 121/144 MP: 8/26
 50780 | Spider:3 | Got the uncursed ring mail of Protective Custody {rElec Dex+3}
 50795 | Spider:3 | Identified the +1 ring mail of Protective Custody {rElec Dex+3} (You found it on level 3 of the Spider Nest)
 51261 | Shoals:1 | Entered Level 1 of the Shoals
 51860 | Shoals:2 | Reached ****** piety under Ashenzari
 52564 | Shoals:2 | Reached skill level 5 in Shields
 56085 | Shoals:3 | Found Ykkenuum's Antique Armour Boutique.
 56752 | Shoals:3 | Found Lafezara's Antique Weapon Shop.
 56801 | Shoals:3 | Noticed Polyphemus
 56850 | Shoals:3 | Killed Polyphemus
 57297 | Shoals:3 | Found Woasmauw's Weapon Emporium.
 57311 | Shoals:3 | Found Hyorhix's Assorted Antiques.
 57447 | Shoals:4 | Entered Level 4 of the Shoals
 58368 | Shoals:3 | Reached XP level 17. HP: 66/150 MP: 17/27
 58738 | Shoals:4 | Noticed Mara
 58747 | Shoals:4 | Noticed Aizul
 58752 | Shoals:3 | Reached skill level 10 in Shields
 58943 | Shoals:4 | Noticed Haldmier's illusion
 59182 | Shoals:3 | Killed Aizul
 59517 | Shoals:4 | Noticed Haldmier's illusion
 59705 | Shoals:4 | Noticed Donald
 59722 | Shoals:4 | Killed Donald
 59817 | Shoals:4 | Noticed Ilsuiw
 59825 | Shoals:4 | Killed Ilsuiw
 60875 | Shoals:4 | Noticed Roxanne
 61171 | Shoals:4 | Got a barnacled rune of Zot
 61199 | Shoals:4 | Got the uncursed ring mail "Caticril" {+Blink rElec rPois rF-}
 61547 | Shoals:3 | Identified the +0 ring mail "Caticril" {+Blink rElec rPois rF-} (You took it off a merfolk on level 4 of the Shoals)
 61583 | Shoals:3 | Bought a faintly glowing leather armour for 259 gold pieces
 61585 | Shoals:3 | Bought a transparent scale mail for 333 gold pieces
 61589 | Shoals:3 | Identified the cursed +1 scale mail of Ashenzari's Reproof {Int+3} (You bought it in a shop on level 3 of the Shoals)
 61590 | Shoals:3 | Identified the cursed +1 leather armour "Foezussu" {rC+ Dex+4} (You bought it in a shop on level 3 of the Shoals)
 61946 | Vaults:1 | Entered Level 1 of the Vaults
 63143 | Vaults:1 | Reached skill level 14 in Fighting
 63569 | Vaults:1 | Reached XP level 18. HP: 98/161 MP: 23/28
 63857 | Vaults:1 | Reached skill level 15 in Fighting
 65107 | Vaults:2 | Reached skill level 16 in Fighting
 67021 | Vaults:2 | Identified the +1 leather armour of Banug {rF- Dex+3 Stlth+} (You took it off an ironheart preserver on level 2 of the Vaults)
 67949 | Vaults:3 | Reached XP level 19. HP: 141/174 MP: 24/31
 68167 | Vaults:3 | Found a staircase to the Crypt.
 68406 | Vaults:3 | Noticed Bai Suzhen
 68427 | Vaults:3 | Killed Bai Suzhen
 68803 | Vaults:3 | Noticed Asterion
 68909 | Vaults:3 | Reached skill level 17 in Fighting
 69748 | Vaults:3 | Noticed Jory
 70406 | Vaults:3 | Killed Jory
 70698 | Vaults:3 | Killed Asterion
 71247 | Vaults:4 | Reached skill level 10 in Armour
 71594 | Vaults:4 | Identified the cursed +0 hand axe "Beetlebane" {freeze, rElec}
 71759 | Vaults:4 | Identified the +1 pair of boots "Haemiel" {MR+ Int+3}
 72111 | Vaults:4 | Slain by a stone giant

Skill      XL: |  1  2  3  4  5  6  7  8  9 10 11 12 13 14 15 16 17 18 19 |
---------------+----------------------------------------------------------+-----
Conjurations   | 1 2 3 4 5 7 |  7.1
Spellcasting   | 3 4 5 7 8 9 |  9.0
Fire Magic     | 1 2 3 |  3.0
Fighting       | 1 2 3 5 8 11 12 13 14 16 17 | 17.5
Air Magic      | 1 2 3 5 |  5.0
Poison Magic   | 1 2 3 |  3.0
Summonings     | 3 5 |  5.0
Translocations | 3 |  3.0
Maces & Flails | 7 10 | 10.0
Evocations     | 3 |  3.0
Shields        | 1 2 9 12 | 12.3
Necromancy     | 4 7 8 |  8.0
Earth Magic    | 4 7 8 |  8.0
Armour         | 4 5 6 10 | 10.0
Dodging        | 4 9 |  9.0
Stealth        | |  1.1

Action                   |  1- 3 |  4- 6 |  7- 9 | 10-12 | 13-15 | 16-18 | 19-21 || total
-------------------------+-------+-------+-------+-------+-------+-------+-------++-------
Melee: Short sword       |    80 |    93 |       |       |       |       |       ||   173
       Kick              |     7 |    20 |    76 |   122 |   313 |   495 |   175 ||  1208
       Quarterstaff      |       |       |   326 |    41 |       |       |       ||   367
       Mace              |       |       |       |   478 |  1385 |  1406 |   481 ||  3750
       Falchion          |       |       |       |    12 |       |       |       ||    12
       Unarmed           |       |       |       |       |     2 |       |       ||     2
 Fire: Hunting sling     |       |    42 |    78 |    44 |       |       |       ||   164
       Shortbow          |       |     3 |     2 |       |       |       |       ||     5
Throw: Javelin           |       |       |     4 |     7 |    13 |     5 |     8 ||    37
 Cast: Magic Dart        |    90 |   169 |   195 |   349 |   550 |   194 |    15 ||  1562
       Conjure Flame     |     2 |     4 |    21 |    28 |    37 |     6 |     2 ||   100
       Mephitic Cloud    |       |     1 |    31 |    64 |    40 |     4 |     2 ||   142
       Call Imp          |       |       |     5 |       |       |       |       ||     5
       Borgnjor's Vile C |       |       |       |       |    68 |    93 |    35 ||   196
       Summon Lightning  |       |       |       |       |    53 |    76 |    33 ||   162
       Blink             |       |       |       |       |     2 |       |     1 ||     3
Invok: Curse Item        |       |       |       |     2 |     2 |     3 |       ||     7
       Scrying           |       |       |       |       |       |       |     1 ||     1
Evoke: Wand              |       |       |       |       |     2 |     2 |       ||     4
  Use: Scroll            |       |     6 |     8 |    10 |     8 |     6 |     2 ||    40
       Potion            |       |       |       |     7 |     1 |     4 |     1 ||    13
 Stab: Confused          |       |     1 |    10 |    22 |    21 |     3 |       ||    57
       Sleeping          |       |       |     1 |       |    11 |     7 |     5 ||    24
       Distracted        |       |       |     1 |       |    11 |    17 |     9 ||    38
       Petrified         |       |       |       |       |     4 |       |       ||     4
       Held in net/web   |       |       |       |       |       |     1 |       ||     1
  Eat: Chunk             |     3 |    13 |    11 |    25 |    66 |    86 |    18 ||   222
       Ration            |       |       |     5 |     5 |     7 |     3 |       ||    20
Armor: Robe              |    44 |    39 |       |   158 |   523 |   130 |       ||   894
       Leather armour    |       |    11 |   125 |    40 |       |    62 |    30 ||   268
Dodge: Dodged            |    51 |    79 |   165 |   109 |   387 |   267 |    48 ||  1106
Block: Buckler           |       |       |       |    46 |   158 |     5 |       ||   209
       Large shield      |       |       |       |       |       |  1185 |   271 ||  1456
       Rpst.: Falchion   |       |       |       |     3 |       |       |       ||     3
